 Dungeon Crawl Stone Soup version 0.22.1-2-g9c5b331 (webtiles) character file.

14 video the Sneak (level 2, -9/19 HPs)
             Began as a Vampire Enchanter on Nov 22, 2018.
             Mangled by a gnoll
             ... wielding a +0 whip
              (10 damage)
             ... on level 1 of the Dungeon.
             The game lasted 00:03:06 (892 turns).

video the Sneak (Vampire Enchanter)                  Turns: 892, Time: 00:03:07

Health: -9/19      AC:  2    Str:  7    XL:     2   Next: 27%
Magic:  3/5        EV: 12    Int: 17    God:
Gold:   22         SH:  0    Dex: 14    Spells: 4/5 levels left

rFire    . . .     SeeInvis +   a - +1 dagger
rCold    . . .     Gourm    .   (no shield)
rNeg     + . .     Faith    .   b - +0 robe
rPois    .         Spirit   .   (no helmet)
rElec    .         Reflect  .   (no cloak)
rCorr    .         Harm     .   (no gloves)
MR       .....                  (no boots)
Stlth    +++.......             (no amulet)
HPRegen  0.06/turn              (no ring)
MPRegen  0.09/turn              (no ring)

@: no status effects
A: fangs 3, see invisible, unbreathing
a: no special abilities


You were on level 1 of the Dungeon.
You were not thirsty.

You visited 1 branch of the dungeon, and saw 1 of its levels.

You collected 22 gold pieces.

Inventory:

Hand Weapons
 a - a +1 dagger (weapon)
Armour
 b - a +0 robe (worn)
Jewellery
 g - an uncursed ring of wizardry {unknown}
Scrolls
 f - a scroll of identify {unknown}
 h - a scroll of remove curse {unknown}
Potions
 c - a potion of heal wounds {unknown}
 d - 6 potions of blood
 e - a potion of resistance {unknown}


   Skills:
 * Level 0.1 Fighting
 + Level 1.1 Short Blades
 + Level 2.2 Dodging
 * Level 5.1 Stealth
 + Level 2.0 Spellcasting
 + Level 4.8 Hexes


You had 4 spell levels left.
You knew the following spells:

 Your Spells              Type           Power        Failure   Level  Hunger
a - Corona                Hex            ###....      2%          1    #......

Your spell library contained the following spells:

 Spells                   Type           Power        Failure   Level  Hunger
 Confuse                  Hex            ###.....     8%          3    ###....
 Tukima's Dance           Hex            ###.....     8%          3    ###....
 Ensorcelled Hibernation  Hex/Ice        #.....       11%         2    ###....
 Dazzling Spray           Conj/Hex       #.....       22%         3    ###....


Dungeon Overview and Level Annotations

Branches:
Dungeon (1/15)

Altars:


Innate Abilities, Weirdness & Mutations

You have razor-sharp teeth.
You have supernaturally acute eyesight. (SInv)
You can survive without breathing.


Message History

Casting: Corona (safe; 2% risk of failure)
Confirm with . or Enter, or press ? or * to list all spells.
Aiming: Corona (safe; 2% risk of failure)
Press: ? - help, Shift-Dir - straight line, f/p - gnoll
Aim: a gnoll, wielding a whip (chance to defeat MR: 65%)
The gnoll barely resists.
The gnoll closely misses you.
You barely miss the gnoll. The gnoll hits you but does no damage.
You closely miss the gnoll. The gnoll barely misses you.
You barely miss the gnoll. The gnoll closely misses you.
You barely miss the gnoll. The gnoll hits you with a whip!
You hit the gnoll.
The gnoll is moderately wounded.
The gnoll hits you with a whip!
Ouch! That really hurt!
* * * LOW HITPOINT WARNING * * *
You hit the gnoll.
The gnoll is moderately wounded.
The gnoll hits you with a whip!
Ouch! That really hurt!
You die...

### #.# ####.# #....# #.##.# ####
####.##.# ...# ######## #.....#.#
...### #.g@...# #.....#.# .....#
#.####.# #.....#..
...#.#########.####.########.####
.................................
.....########....##.####....^####
####.# #..#.##.# #.##### #
#.###########.##.# #.########
#......g......##.# #......g..
####.###########.##.# #.########


You could see a gnoll.

Vanquished Creatures
  3 giant cockroaches (D:1)
  3 hobgoblins (D:1)
  3 kobolds (D:1)
  2 frilled lizards (D:1)
  A rat (D:1)
12 creatures vanquished.

Notes
Turn   | Place    | Note
-------+----------+-------------------------------------------
     0 | D:1      | video the Vampire Enchanter began the quest for the Orb.
     0 | D:1      | Reached XP level 1. HP: 13/13 MP: 3/3
   278 | D:1      | Reached XP level 2. HP: 19/19 MP: 5/5
   325 | D:1      | Reached skill level 5 in Stealth
   892 | D:1      | Mangled by a gnoll

Skill      XL: |  1  2 |
---------------+-------+-----
Stealth        | 5 |  5.1
Fighting       | |  0.1
Short Blades   | |  1.1
Dodging        | |  2.2
Spellcasting   | |  2.0
Hexes          | |  4.8

Action                   || total
-------------------------++-------
Melee: Dagger            ||    35
       Bite              ||     1
 Cast: Corona            ||     2
 Stab: Sleeping          ||     6
Dodge: Dodged            ||    11
